General information
- name: BNet
- type: Ladder team game (AT/RT)
- host: Battle.net
- saver: umm
map: Highperch
- players: 6
- length: 18:13
- speed: Fast
- version: 1.21 W3XP
- replay type: Public
» download(119 KB)
Players
team 1 (winner)
afflicted_chick (
purple | 58 APM | 1060 actions | 18:10)
4 Priestess of the Moon
2 Searing Arrows
2 Trueshot Aura
3 Warden
2 Shadow Strike
1 Blink
» actions
| Assign group hotkey | 24 | |
| Basic commands | 7 | |
| Build / train | 63 | |
| Enter build submenu | 19 | |
| Enter hero's abilities submenu | 7 | |
| Give item / drop item | 1 | |
| Right click | 610 | |
| Select / deselect | 280 | |
| Select group hotkey | 10 | |
| Use ability | 39 | |
1060 total
» units
| Wisp | 24 | |
| Huntress | 4 | |
| Chimaera | 7 | |
| Druid of the Talon | 7 | |
42 total
» upgrades
| Strength of the Wild | 2 | |
| Reinforced Hides | 2 | |
| Druid of the Talon Training | 2 | |
| Corrosive Breath | 1 | |
7 total
» buildings
| Altar of Elders | 1 | |
| Moon Well | 8 | |
| Hunter's Hall | 1 | |
| Ancient of War | 2 | |
| Tree of Ages | 1 | |
| Tree of Life | 1 | |
| Tree of Eternity | 1 | |
| Ancient of Wind | 1 | |
| Ancient of Wonders | 1 | |
| Chimaera Roost | 2 | |
19 total
» build order
00:21 Altar of Elders
00:22 Moon Well
01:59 Hunter's Hall
02:10 Ancient of War
02:16 Ancient of War
02:26 Moon Well
02:59 Tree of Ages
03:41 Moon Well
05:58 Tree of Life
06:31 Tree of Eternity
06:33 Ancient of Wind
07:07 Ancient of Wonders
09:01 Chimaera Roost
09:03 Chimaera Roost
10:36 Moon Well
10:51 Moon Well
11:55 Moon Well
16:57 Moon Well
17:25 Moon Well
» items
| Scroll of Town Portal | 1 | |
| Potion of Healing | 1 | |
2 total
umm (
blue | 107 APM | 1952 actions | 18:13)
4 Death Knight
2 Death Coil
2 Unholy Aura
3 Lich
2 Frost Nova
1 Dark Ritual
» actions
| Assign group hotkey | 22 | |
| Basic commands | 64 | |
| Build / train | 41 | |
| ESC pressed | 7 | |
| Enter build submenu | 17 | |
| Enter hero's abilities submenu | 7 | |
| Right click | 759 | |
| Select / deselect | 192 | |
| Select group hotkey | 774 | |
| Use ability | 69 | |
1952 total
» units
| Acolyte | 2 | |
| Ghoul | 3 | |
| Crypt Fiend | 7 | |
| Banshee | 7 | |
| Frost Wyrm | 2 | |
| Necromancer | 2 | |
23 total
» upgrades
| Banshee Training | 2 | |
| Creature Attack | 3 | |
| Necromancer Training | 2 | |
7 total
» buildings
| Altar of Darkness | 1 | |
| Crypt | 1 | |
| Ziggurat | 8 | |
| Graveyard | 1 | |
| Halls of the Dead | 1 | |
| Black Citadel | 1 | |
| Temple of the Damned | 3 | |
| Sacrificial Pit | 1 | |
| Boneyard | 1 | |
18 total
» build order
00:20 Altar of Darkness
00:22 Crypt
00:33 Ziggurat
00:59 Graveyard
01:31 Ziggurat
02:33 Halls of the Dead
03:36 Ziggurat
04:55 Black Citadel
05:02 Temple of the Damned
05:06 Temple of the Damned
06:34 Ziggurat
07:18 Temple of the Damned
07:25 Ziggurat
07:26 Ziggurat
08:09 Sacrificial Pit
09:08 Boneyard
11:11 Ziggurat
11:59 Ziggurat
VenusInFurs (
red | 63 APM | 1147 actions | 18:10)
4 Mountain King
2 Storm Bolt
2 Bash
3 Paladin
2 Holy Light
1 Divine Shield
» actions
| Assign group hotkey | 59 | |
| Basic commands | 10 | |
| Build / train | 65 | |
| Enter build submenu | 27 | |
| Enter hero's abilities submenu | 7 | |
| Right click | 516 | |
| Select / deselect | 210 | |
| Select group hotkey | 189 | |
| Use ability | 64 | |
1147 total
» units
| Peasant | 14 | |
| Footman | 6 | |
| Rifleman | 5 | |
| Sorceress | 4 | |
| Knight | 6 | |
| Priest | 2 | |
37 total
» upgrades
| Defend | 1 | |
| Long Rifles | 1 | |
| Animal War Training | 1 | |
| Plating | 1 | |
| Flare | 1 | |
| Barrage | 1 | |
| Swords | 1 | |
7 total
» buildings
| Altar of Kings | 2 | |
| Barracks | 1 | |
| Farm | 11 | |
| Lumber Mill | 1 | |
| Scout Tower | 6 | |
| Arcane Tower | 1 | |
| Guard Tower | 4 | |
| Arcane Vault | 1 | |
| Blacksmith | 1 | |
| Keep | 1 | |
| Arcane Sanctum | 1 | |
| Castle | 1 | |
| Town Hall | 1 | |
| Workshop | 1 | |
33 total
» build order
00:03 Altar of Kings
00:05 Altar of Kings
00:41 Barracks
01:07 Farm
01:12 Farm
01:49 Lumber Mill
02:01 Scout Tower
02:05 Scout Tower
02:33 Arcane Tower
03:03 Guard Tower
03:07 Farm
03:11 Farm
03:41 Arcane Vault
03:49 Farm
03:51 Farm
03:54 Farm
04:01 Blacksmith
05:06 Keep
05:10 Farm
05:14 Farm
07:29 Arcane Sanctum
08:13 Castle
12:54 Farm
13:30 Town Hall
13:35 Scout Tower
13:37 Scout Tower
13:39 Scout Tower
13:41 Scout Tower
14:05 Workshop
14:16 Guard Tower
15:10 Guard Tower
15:31 Guard Tower
17:32 Farm
» items
| Scroll of Regeneration | 2 | |
| Potion of Healing | 3 | |
5 total
team 2 (loser)

»
bkkb87 (
teal | 40 APM | 701 actions | 17:40)
3 Demon Hunter
2 Immolation
1 Mana Burn
» actions
| Assign group hotkey | 25 | |
| Basic commands | 27 | |
| Build / train | 51 | |
| Enter build submenu | 15 | |
| Enter hero's abilities submenu | 3 | |
| Right click | 282 | |
| Select / deselect | 209 | |
| Select group hotkey | 58 | |
| Use ability | 31 | |
701 total
» units
| Wisp | 13 | |
| Archer | 8 | |
| Huntress | 18 | |
| Druid of the Talon | 1 | |
| Hippogryph | 1 | |
41 total
» upgrades
| Strength of the Moon | 3 | |
| Upgrade Moon Glaive | 1 | |
4 total
» buildings
| Altar of Elders | 1 | |
| Moon Well | 6 | |
| Ancient of War | 2 | |
| Tree of Ages | 1 | |
| Hunter's Hall | 1 | |
| Tree of Eternity | 1 | |
| Ancient of Wind | 1 | |
| Chimaera Roost | 1 | |
14 total
» build order
00:04 Altar of Elders
00:07 Moon Well
00:11 Ancient of War
01:55 Moon Well
02:58 Tree of Ages
03:42 Hunter's Hall
04:52 Ancient of War
05:30 Moon Well
06:30 Moon Well
07:21 Tree of Eternity
07:39 Moon Well
08:50 Ancient of Wind
11:33 Chimaera Roost
12:04 Moon Well
PrincessPower (
green | 42 APM | 766 actions | 18:09)
4 Tauren Chieftain
2 War Stomp
2 Endurance Aura
» actions
| Assign group hotkey | 103 | |
| Basic commands | 33 | |
| Build / train | 60 | |
| Enter build submenu | 16 | |
| Enter hero's abilities submenu | 4 | |
| Right click | 201 | |
| Select / deselect | 273 | |
| Select group hotkey | 57 | |
| Use ability | 19 | |
766 total
» units
| Peon | 8 | |
| Grunt | 12 | |
| Troll Headhunter/Berserker | 15 | |
| Shaman | 5 | |
| Kodo Beast | 2 | |
| Raider | 3 | |
45 total
» upgrades
| Armor | 3 | |
| Berserker Strength | 1 | |
| Berserker Upgrade | 1 | |
| Shaman Training | 1 | |
| War Drums Damage Increase | 1 | |
| Ensnare | 1 | |
8 total
» buildings
| Altar of Storms | 1 | |
| Orc Burrow | 6 | |
| Barracks | 2 | |
| War Mill | 1 | |
| Stronghold | 1 | |
| Spirit Lodge | 1 | |
| Fortress | 1 | |
| Beastiary | 1 | |
14 total
» build order
00:08 Altar of Storms
00:29 Orc Burrow
01:06 Barracks
01:33 Orc Burrow
02:39 War Mill
02:46 Barracks
03:39 Orc Burrow
04:27 Stronghold
06:19 Orc Burrow
06:59 Spirit Lodge
07:27 Orc Burrow
08:07 Fortress
10:09 Beastiary
13:25 Orc Burrow

»
secksymang (
pink | 118 APM | 2086 actions | 17:36)
4 Dreadlord
2 Sleep
2 Vampiric Aura
1 Death Knight
1 Death Coil
» actions
| Assign group hotkey | 52 | |
| Basic commands | 169 | |
| Build / train | 43 | |
| ESC pressed | 1 | |
| Enter build submenu | 14 | |
| Enter hero's abilities submenu | 5 | |
| Right click | 736 | |
| Select / deselect | 590 | |
| Select group hotkey | 436 | |
| Use ability | 36 | |
2086 total
» units
| Acolyte | 2 | |
| Ghoul | 4 | |
| Crypt Fiend | 14 | |
| Obsidian Statue | 3 | |
| Gargoyle | 6 | |
29 total
» upgrades
» buildings
| Altar of Darkness | 1 | |
| Ziggurat | 5 | |
| Crypt | 2 | |
| Graveyard | 1 | |
| Halls of the Dead | 1 | |
| Spirit Tower | 3 | |
| Slaughterhouse | 1 | |
| Tomb of Relics | 1 | |
| Black Citadel | 1 | |
| Sacrificial Pit | 1 | |
17 total
» build order
00:10 Altar of Darkness
00:14 Ziggurat
00:38 Crypt
00:57 Graveyard
01:21 Crypt
01:48 Ziggurat
03:52 Ziggurat
04:15 Halls of the Dead
04:59 Ziggurat
05:59 Spirit Tower
06:03 Spirit Tower
07:17 Slaughterhouse
07:22 Ziggurat
08:51 Tomb of Relics
13:18 Black Citadel
15:45 Sacrificial Pit
15:48 Spirit Tower
Chat log
(00:06 / All) umm: SEXY MANGINA?!
(00:34 / All) secksymang: the heck?
(02:24 / Allies) umm: barracks wru
(02:37 / Allies) VenusInFurs: teching or feeding maybe?
(02:38 / Allies) VenusInFurs: i dunno
(02:48 / Allies) VenusInFurs: probably just didn't see the rax
(02:54 / Allies) umm: with TC probably
(07:09 / Allies) VenusInFurs: yeah that looks problematic
(07:11 / Allies) umm: quite
(10:25 / All) secksymang: lol
(13:07 / Allies) umm: ready
(17:36 / All) secksymang: gg